[ AOE2 MATCH · #476539987 ]
UnrankedInca vs Goths
Player's team · WIN
[ REPLAY ANALYSIS · EXTRACTED FROM THE RECORDED GAME ]
Feudal
—
Castle
—
Imperial
—
| APM avg | 11.7 |
| APM peak | 28 |
| eAPM avg | 8.6 |
| Villagers / military | 0 / 30 |
Focus
⚔️ 97.2% · 🌾 2.8%
Unknown (2550) ×85 · Petard ×30
Feudal
—
Castle
—
Imperial
—
| APM avg | 4.8 |
| APM peak | 14 |
| eAPM avg | 3.3 |
| Villagers / military | 0 / 0 |
Focus
⚔️ 100.0% · 🌾 0.0%
Feudal
—
Castle
—
Imperial
—
| APM avg | 36.4 |
| APM peak | 63 |
| eAPM avg | 11.9 |
| Villagers / military | 0 / 0 |
Focus
⚔️ 100.0% · 🌾 0.0%
Feudal
—
Castle
—
Imperial
—
| APM avg | 9.8 |
| APM peak | 17 |
| eAPM avg | 5.5 |
| Villagers / military | 0 / 0 |
Feudal
—
Castle
—
Imperial
—
| APM avg | 14.7 |
| APM peak | 52 |
| eAPM avg | 4.9 |
| Villagers / military | 0 / 0 |
Focus
⚔️ 100.0% · 🌾 0.0%
Feudal
—
Castle
—
Imperial
—
| APM avg | 33.7 |
| APM peak | 63 |
| eAPM avg | 5.3 |
| Villagers / military | 0 / 0 |
Focus
⚔️ 90.0% · 🌾 10.0%
Feudal
—
Castle
—
Imperial
—
| APM avg | 10.9 |
| APM peak | 28 |
| eAPM avg | 3.1 |
| Villagers / military | 0 / 0 |
Focus
⚔️ 50.0% · 🌾 50.0%
Feudal
—
Castle
—
Imperial
—
| APM avg | 30.2 |
| APM peak | 52 |
| eAPM avg | 18.6 |
| Villagers / military | 0 / 474 |
Focus
⚔️ 95.4% · 🌾 4.6%
Archer ×260 · Knight ×214
Match map
Initial resources + every placement click. Lines = walls · curves = elevation contours. ◆ gold · ⬟ stone · ● berries · ✦ relic · ◌ wall gap
Your base· Open
RC3D's base· Open
reznor_5's base· Open
Knight182R's base· ✓ Map-separated
Raton Cachudo's base· ✓ Map-separated
kingouš's base· Open
SOLDIER BOY's base· Open
FoundedImpala31's base· Open
Smoothed initial terrain · ◌ = detected wall gap · hover for details
Inputs per minute
— TrapGod - - RC3D
Build order — TrapGod
60 actions detected in the replay
| 5:23 | Build | Barracks |
| 5:24 | Build | Barracks |
| 5:26 | Build | Barracks |
| 5:35 | Build | Barracks |
| 5:37 | Build | Barracks |
| 5:40 | Build | Barracks |
| 5:41 | Build | Barracks |
| 5:42 | Build | Barracks |
| 5:43 | Build | Barracks |
| 5:44 | Build | Barracks |
| 5:46 | Build | Barracks |
| 5:48 | Build | Barracks |
| 5:49 | Build | Barracks |
| 5:50 | Build | Barracks |
| 5:58 | Build | Archery Range |
| 5:59 | Build | Archery Range |
| 6:00 | Build | Archery Range |
| 6:01 | Build | Archery Range |
| 6:03 | Build | Archery Range |
| 6:58 | Research | Tech 1402 |
| 12:19 | Research | Thumb Ring |
| 12:19 | Research | Thumb Ring |
| 12:20 | Research | Crossbowman (upgrade) |
| 12:20 | Research | Elite Skirmisher (upgrade) |
| 12:23 | Research | Arson |
| 12:24 | Research | Pikeman (upgrade) |
| 12:24 | Research | Tech 1351 |
| 12:27 | Research | Chain Mail Armor |
| 12:28 | Research | Iron Casting |
| 12:28 | Research | Bodkin Arrow |
| 12:29 | Research | Leather Archer Armor |
| 12:32 | Research | Ballistics |
| 12:33 | Research | Treadmill Crane |
| 12:34 | Research | Guard Tower (upgrade) |
| 12:35 | Research | Tech 908 |
| 12:35 | Research | Careening |
| 12:39 | Research | Andean Sling |
| 13:33 | Create | Unit 2550 ×5 |
| 13:33 | Create | Unit 2550 ×5 |
| 13:33 | Create | Unit 2550 ×5 |
| 13:34 | Create | Unit 2550 ×5 |
| 13:34 | Create | Unit 2550 ×5 |
| 13:34 | Create | Unit 2550 ×5 |
| 13:35 | Create | Unit 2550 ×5 |
| 13:35 | Create | Unit 2550 ×5 |
| 13:35 | Create | Unit 2550 ×5 |
| 13:36 | Create | Unit 2550 ×5 |
| 13:36 | Create | Unit 2550 ×5 |
| 13:36 | Create | Unit 2550 ×5 |
| 13:37 | Create | Unit 2550 ×5 |
| 13:37 | Create | Unit 2550 ×5 |
| 13:37 | Create | Unit 2550 ×5 |
| 13:38 | Create | Unit 2550 ×5 |
| 13:38 | Create | Unit 2550 ×5 |
| 13:46 | Create | Petard ×5 |
| 13:46 | Create | Petard ×5 |
| 13:47 | Create | Petard ×5 |
| 13:47 | Create | Petard ×5 |
| 13:47 | Create | Petard ×5 |
| 13:48 | Create | Petard ×5 |
Build order — RC3D
17 actions detected in the replay
| 6:42 | Build | Stable |
| 6:44 | Build | Stable |
| 6:46 | Build | Stable |
| 6:48 | Build | Stable |
| 6:54 | Build | Stable |
| 6:58 | Build | Stable |
| 7:00 | Build | Stable |
| 7:02 | Build | Stable |
| 7:05 | Build | Stable |
| 7:09 | Build | Stable |
| 7:13 | Build | Stable |
| 7:16 | Build | Stable |
| 7:21 | Build | Stable |
| 7:24 | Build | Stable |
| 7:27 | Build | Stable |
| 7:29 | Build | Stable |
| 13:48 | Research | Bloodlines |
Build order — reznor_5
11 actions detected in the replay
| 11:02 | Research | Bodkin Arrow |
| 11:02 | Research | Leather Archer Armor |
| 11:03 | Research | Chain Barding Armor |
| 11:03 | Research | Iron Casting |
| 11:03 | Research | Chain Mail Armor |
| 11:06 | Research | Ballistics |
| 11:07 | Research | Guard Tower (upgrade) |
| 11:08 | Research | Careening |
| 11:08 | Research | Tech 909 |
| 11:09 | Research | Tech 908 |
| 11:11 | Research | Nomads |
Build order — Knight182R
0 actions detected in the replay
Build order — Raton Cachudo
0 actions detected in the replay
Build order — kingouš
9 actions detected in the replay
| 10:11 | Research | Ballistics |
| 10:11 | Research | Treadmill Crane |
| 10:12 | Research | Guard Tower (upgrade) |
| 10:13 | Research | Tech 908 |
| 10:13 | Research | Careening |
| 10:15 | Research | Bodkin Arrow |
| 10:15 | Research | Leather Archer Armor |
| 10:16 | Research | Iron Casting |
| 10:16 | Research | Chain Mail Armor |
Build order — SOLDIER BOY
0 actions detected in the replay
Build order — FoundedImpala31
128 actions detected in the replay
| 3:45 | Build | Archery Range |
| 3:47 | Build | Archery Range |
| 3:48 | Build | Archery Range |
| 3:58 | Build | Archery Range |
| 3:59 | Build | Archery Range |
| 4:00 | Build | Archery Range |
| 4:02 | Build | Archery Range |
| 6:13 | Research | Crossbowman (upgrade) |
| 6:14 | Research | Elite Skirmisher (upgrade) |
| 6:15 | Research | Thumb Ring |
| 6:18 | Research | Treadmill Crane |
| 6:18 | Research | Ballistics |
| 6:19 | Research | Guard Tower (upgrade) |
| 6:19 | Research | Tech 909 |
| 6:20 | Research | Tech 908 |
| 6:22 | Research | Careening |
| 6:24 | Research | Bodkin Arrow |
| 6:24 | Research | Leather Archer Armor |
| 6:24 | Research | Bodkin Arrow |
| 6:36 | Build | Stable |
| 6:38 | Build | Stable |
| 6:39 | Build | Stable |
| 6:41 | Build | Stable |
| 6:49 | Create | Archer ×5 |
| 6:50 | Create | Archer ×5 |
| 6:50 | Create | Archer ×5 |
| 6:50 | Create | Archer ×5 |
| 6:51 | Create | Archer ×5 |
| 6:51 | Create | Archer ×5 |
| 6:51 | Create | Archer ×5 |
| 6:51 | Create | Archer ×5 |
| 6:51 | Create | Archer ×5 |
| 6:52 | Create | Archer ×5 |
| 6:52 | Create | Archer ×5 |
| 6:52 | Create | Archer ×5 |
| 6:52 | Create | Archer ×5 |
| 6:52 | Create | Archer ×5 |
| 6:52 | Create | Archer ×5 |
| 6:53 | Create | Archer ×5 |
| 6:53 | Create | Archer ×5 |
| 8:01 | Create | Archer ×5 |
| 8:01 | Create | Archer ×5 |
| 8:02 | Create | Archer ×5 |
| 8:02 | Create | Archer ×5 |
| 8:02 | Create | Archer ×5 |
| 8:03 | Create | Archer ×5 |
| 8:03 | Create | Archer ×5 |
| 8:03 | Create | Archer ×5 |
| 8:03 | Create | Archer ×5 |
| 8:04 | Create | Archer ×5 |
| 8:04 | Create | Archer ×5 |
| 8:10 | Research | Husbandry |
| 8:10 | Research | Light Cavalry (upgrade) |
| 8:34 | Create | Knight ×5 |
| 8:34 | Create | Knight ×5 |
| 8:34 | Create | Knight ×5 |
| 8:35 | Create | Knight ×5 |
| 8:35 | Create | Knight ×5 |
| 8:35 | Create | Knight ×5 |
| 8:35 | Create | Knight ×5 |
| 8:35 | Create | Knight ×5 |
| 8:35 | Create | Knight ×5 |
| 8:36 | Create | Knight ×5 |
| 8:36 | Create | Knight ×3 |
| 8:36 | Create | Knight ×3 |
| 10:04 | Create | Knight ×5 |
| 10:04 | Create | Knight ×5 |
| 10:04 | Create | Knight ×5 |
| 10:05 | Create | Knight ×5 |
| 10:05 | Create | Knight ×5 |
| 10:05 | Create | Knight ×5 |
| 10:05 | Create | Knight ×5 |
| 10:29 | Build | Stable |
| 10:30 | Build | Stable |
| 10:32 | Build | Stable |
| 10:33 | Build | Stable |
| 10:40 | Create | Archer ×5 |
| 10:40 | Create | Archer ×5 |
| 10:40 | Create | Archer ×5 |
| 10:40 | Create | Archer ×5 |
| 10:40 | Create | Archer ×5 |
| 10:40 | Create | Archer ×5 |
| 10:41 | Create | Archer ×5 |
| 10:41 | Create | Archer ×5 |
| 10:41 | Create | Archer ×5 |
| 10:41 | Create | Archer ×5 |
| 10:41 | Create | Archer ×5 |
| 10:44 | Create | Knight ×4 |
| 12:53 | Create | Knight ×5 |
| 12:54 | Create | Knight ×5 |
| 12:54 | Create | Knight ×5 |
| 12:54 | Create | Knight ×5 |
| 12:54 | Create | Knight ×5 |
| 12:54 | Create | Knight ×5 |
| 12:54 | Create | Knight ×5 |
| 12:54 | Create | Knight ×5 |
| 12:55 | Create | Knight ×5 |
| 12:55 | Create | Knight ×5 |
| 12:55 | Create | Knight ×5 |
| 12:55 | Create | Knight ×5 |
| 12:56 | Create | Knight ×5 |
| 12:56 | Create | Knight ×5 |
| 12:56 | Create | Knight ×5 |
| 12:56 | Create | Knight ×5 |
| 12:56 | Create | Knight ×5 |
| 12:56 | Create | Knight ×5 |
| 13:45 | Create | Knight ×5 |
| 13:45 | Create | Knight ×5 |
| 13:46 | Create | Knight ×5 |
| 13:46 | Create | Knight ×5 |
| 13:46 | Create | Knight ×5 |
| 13:49 | Create | Knight |
| 13:49 | Create | Knight |
| 13:49 | Create | Knight |
| 13:49 | Create | Knight |
| 13:55 | Create | Archer ×5 |
| 13:55 | Create | Archer ×5 |
| 13:56 | Create | Archer ×5 |
| 13:56 | Create | Archer ×5 |
| 13:57 | Create | Archer ×5 |
| 13:57 | Create | Archer ×5 |
| 13:58 | Create | Archer ×5 |
| 13:58 | Create | Archer ×5 |
| 13:58 | Create | Archer ×5 |
| 13:59 | Create | Archer ×5 |
| 13:59 | Create | Archer ×5 |
| 13:59 | Create | Archer ×5 |
| 13:59 | Create | Archer ×5 |
Match timeline
| 3:45 | FoundedImpala31 · first_building Archery Range |
| 5:23 | TrapGod · first_building Barracks |
| 5:58 | TrapGod · first_building Archery Range |
| 6:36 | FoundedImpala31 · first_building Stable |
| 6:42 | RC3D · first_building Stable |
| 11:17 | SOLDIER BOY · resign |
[ AI ANALYSIS · 1 CREDIT ]
What really happened in this match?
Wolo.gg analyzes every decision: build order, eco, micro, common mistakes by bracket. Personalized analysis on WhatsApp or Discord in 30 seconds.
Civ guide
Inca
Map guide
CBA_=REQUlEM=_V292 (Scenario)
Perfil
Jugador #213920